 Dungeon Crawl Stone Soup version 0.16-a0-3943-gb4b81e6 (console) character file.

11323 Kellhus the Destroyer (level 11, -20/60 HPs)
             Began as a Gargoyle Wizard on Jan 13, 2015.
             Was a High Priest of Vehumet.
             Demolished by Tarquin's ghost (25 damage)
             ... on level 11 of the Dungeon on Feb 8, 2015.
             The game lasted 00:38:57 (17350 turns).

Kellhus the Destroyer (Gargoyle Wizard)            Turns: 17350, Time: 00:38:57

Health: -20/60     AC: 14    Str: 10    XL:     11   Next: 75%
Magic:  16/29      EV: 11    Int: 27    God:    Vehumet [*****.]
Gold:   652        SH:  0    Dex:  8    Spells: 8 memorised, 10 levels left

rFire  . . .     SeeInvis .     j - staff of cold
rCold  + . .     Clarity  .     a - +0 robe
rNeg   + . .     SustAb   .     (no shield)
rPois  ∞         Gourm    .     L - +1 hat
rElec  +         Spirit   .     O - +0 cloak
rCorr  +         Warding  .     r - +1 pair of gloves
rMut   .         Stasis   .     M - +0 pair of boots
MR     +....                    R - amulet of resist corrosion (curse)
Stlth  ++........               W - ring of protection from magic
                                y - +4 ring of intelligence

@: somewhat resistant to hostile enchantments, unstealthy
A: fangs 1, negative energy resistance 1, electricity resistance, unbreathing,
petrification resistance, rot immunity, AC +7
a: Renounce Religion


You were on level 11 of the Dungeon.
You worshipped Vehumet.
Vehumet was extremely pleased with you.
You were not hungry.

You visited 2 branches of the dungeon, and saw 12 of its levels.
You also visited: Sewer.

You collected 652 gold pieces.

Inventory:

Armour
 a - a +0 robe (worn)
 r - a +1 pair of gloves (worn)
 L - a +1 hat (worn)
 M - a +0 pair of boots (worn)
 O - a +0 cloak (worn)
Magical staves
 j - an uncursed staff of cold (weapon)
Jewellery
 u - an uncursed ring of teleportation
 y - a +4 ring of intelligence (left hand)
 E - an uncursed amulet of stasis
 R - a cursed amulet of resist corrosion (around neck)
 U - an uncursed ring of teleport control
 W - a ring of protection from magic (right hand)
Magical devices
 b - a wand of draining (9)
 F - a wand of cold (10)
 P - a wand of fireball (4)
Scrolls
 g - 2 scrolls of enchant armour
 h - 6 scrolls of remove curse
 n - 2 scrolls of enchant weapon
 o - 4 scrolls of teleportation
 s - 2 scrolls of immolation {unknown}
 v - 3 scrolls of fear {unknown}
 z - a scroll of vulnerability {unknown}
 A - 3 scrolls of magic mapping {unknown}
 B - 4 scrolls of fog {unknown}
 C - 3 scrolls of recharging
 D - a scroll of blinking {unknown}
 K - a scroll of noise {unknown}
 N - 2 scrolls of amnesia {unknown}
 Y - a scroll of silence {unknown}
Potions
 e - 3 potions of restore abilities
 i - 2 potions of brilliance
 k - 2 potions of cancellation
 l - 8 potions of curing
 m - 2 potions of heal wounds
 w - a potion of magic
 x - 4 potions of might {unknown}
 G - a potion of lignification
 H - 2 potions of resistance {unknown}
 I - a potion of agility
 J - a potion of ambrosia {unknown}
 Q - 3 potions of haste {unknown}
Books
 c - a book of Minor Magic

   Spells                             Type                      Level
   a - Magic Dart                     Conjuration                  1
   b - Blink                          Translocation                2
   c - Call Imp                       Summoning                    2
   d - Repel Missiles                 Charms/Air                   2
   e - Slow                           Hexes                        2
   f - Conjure Flame                  Conjuration/Fire             3
   g - Mephitic Cloud                 Conjuration/Poison/Air       3
 S - a book of Frost

   Spells                             Type                      Level
   a - Freeze                         Ice                          1
   b - Throw Frost                    Conjuration/Ice              2
   c - Ozocubu's Armour               Charms/Ice                   3
   d - Throw Icicle                   Conjuration/Ice              4
   e - Summon Ice Beast               Ice/Summoning                4
   f - Condensation Shield            Ice                          4
 T - a book of Enchantments

   Spells                             Type                      Level
   a - Tukima's Dance                 Hexes                        3
   b - Cause Fear                     Hexes                        4
   c - Silence                        Hexes/Air                    5
   d - Deflect Missiles               Charms/Air                   6
   e - Haste                          Charms                       6
   f - Discord                        Hexes                        8
Comestibles
 d - 6 bread rations
 f - 12 fruits
 p - 5 meat rations
 q - 9 beef jerkies
 X - a slice of pizza
 Z - 9 royal jellies


   Skills:
 - Level 3.0 Fighting
 - Level 1.5 Dodging
 - Level 2.1 Stealth
 + Level 9.5 Spellcasting
 - Level 12.0 Conjurations
   Level 0.8 Summonings
 - Level 0.8 Translocations
 - Level 8.0 Ice Magic
 - Level 8.0 Earth Magic


You had 10 spell levels left.
You knew the following spells:

 Your Spells              Type           Power        Failure   Level  Hunger
a - Magic Dart            Conj           ####         1%          1    None
b - Conjure Flame         Conj/Fire      ###.....     1%          3    None
c - Mephitic Cloud        Conj/Pois/Air  ####....     1%          3    None
d - Sting                 Conj/Pois      ####         1%          1    None
e - Stone Arrow           Conj/Erth      ######       1%          3    None
f - Throw Icicle          Conj/Ice       #######.     1%          4    None
l - Blink                 Tloc           N/A          6%          2    None
r - Repel Missiles        Chrm/Air       ##....       10%         2    None


Dungeon Overview and Level Annotations

Branches:
Dungeon (11/15)            Temple (1/1) D:6             Orc (0/4) D:10
   Lair: D:8-11

Altars:
Ashenzari
Cheibriados
Dithmenos
Elyvilon
Fedhas
Gozag
Kikubaaqudgha
Makhleb
Nemelex Xobeh
Okawaru
Qazlal
Ru
Sif Muna
Trog
Vehumet
Xom
Yredelemnul
Zin
The Shining One

Annotations:
D:11 exclusion: orange crystal statue, Tarquin's ghost, powerful OgSk


Innate Abilities, Weirdness & Mutations

You are resistant to torment.
You are immune to poison.
Your stone body is very resilient (AC +7).
You resist negative energy.
You are resistant to electric shocks.
You can survive without breathing.
You are immune to petrification.
You are immune to rotting.
You have very sharp teeth.


Message History

Casting: Stone Arrow
Confirm with . or Enter, or press ? or * to list all spells.
Aiming: Stone Arrow
Press: ? - help, Shift-Dir - straight line, f/p - Tarquin's ghost
Aim: Tarquin's ghost (flame, moderately damaged)
The stone arrow hits Tarquin's ghost.
Tarquin's ghost is heavily damaged.
Tarquin's ghost is engulfed in roaring flames.
Tarquin's ghost hits you!!
Ouch! That really hurt!
* * * LOW HITPOINT WARNING * * *
Press: ? - help, v - describe, . - travel
Here: Tarquin's ghost (flame, heavily damaged)
The floor.
Tarquin's ghost is engulfed in roaring flames.
Things that are here:
a dagger; a robe Tarquin's ghost wails, "Death is your only future!"
Tarquin's ghost hits you!!
You die...

### ##.## ### ##...##
##.#############
##...<.####..)...)§......#
##
#........[.@W).#########.#
.## ##.....####...## #
..## ##...## ##.##
...######.## ###
..........# ...########
..## ###


You could see Tarquin's ghost.

Vanquished Creatures
  The ghost of runewalsh the Frost Mage, an experienced OpIE of Vehumet (D:10)
  A hill giant (D:10)
  A kobold demonologist (D:8)
  A troll (D:10)
  Prince Ribbit (D:5)
  A trapdoor spider zombie (D:10)
  A two-headed ogre (D:9)
  11 yaks
  A wyvern (D:10)
  Edmund (D:5)
  2 hippogriffs
  A water moccasin (D:6)
  A soldier ant (D:8)
  A necrophage (D:7)
  3 sky beasts
  12 orc warriors
  3 ice beasts
  3 black bears
  A boring beetle (D:8)
  4 centaurs
  8 ogres
  Duvessa (D:9)
  2 big kobolds (D:10)
  7 giant frogs
  4 scorpions
  5 killer bees (D:9)
  11 hounds
  2 goliath beetles
  2 giant frog zombies
  Dowan (D:9)
  3 crimson imps
  3 jellies
  20 orc priests
  A quasit (D:7)
  2 giant frog skeletons (D:5)
  22 orc wizards
  13 worker ants
  4 iguanas
  16 adders
  3 river rats (Sewer)
  10 gnolls
  2 shadow imps
  A giant mite (D:4)
  6 worms
  5 adder skeletons
  9 giant geckos
  An ooze (Sewer)
  61 orcs
  16 ball pythons
  10 giant cockroaches
  14 goblins
  25 hobgoblins
  15 jackals
  6 quokkas
  25 bats
  6 giant newts
  23 kobolds
  A quokka skeleton (D:6)
  44 rats
461 creatures vanquished.

Vanquished Creatures (others)
  An orc warrior (D:11)
1 creature vanquished.

Grand Total: 462 creatures vanquished

Notes
Turn   | Place    | Note
--------------------------------------------------------------
     0 | D:1      | Kellhus, the Gargoyle Wizard, began the quest for the Orb.
     0 | D:1      | Reached XP level 1. HP: 10/10 MP: 4/4
   388 | D:1      | Reached XP level 2. HP: 15/15 MP: 3/6
   892 | D:1      | Reached XP level 3. HP: 19/19 MP: 5/7
  1941 | D:2      | Reached skill level 4 in Conjurations
  1941 | D:2      | Reached XP level 4. HP: 18/24 MP: 3/9
  2647 | D:3      | Reached skill level 5 in Conjurations
  2790 | D:3      | Reached XP level 5. HP: 21/28 MP: 8/11
  3540 | D:4      | Reached skill level 6 in Conjurations
  3566 | D:4      | Found a glowing drain.
  3731 | Sewer    | Entered a sewer
  3824 | Sewer    | Reached XP level 6. HP: 32/32 MP: 10/13
  4603 | Sewer    | Reached XP level 7. HP: 36/36 MP: 10/18
  4694 | D:4      | Reached skill level 5 in Spellcasting
  4797 | D:4      | Found a snail-covered altar of Cheibriados.
  5224 | D:4      | Reached skill level 7 in Conjurations
  5580 | D:4      | Gained mutation: You have very sharp teeth. [potion of beneficial mutation]
  5833 | D:5      | Entered Level 5 of the Dungeon
  5963 | D:5      | Noticed Prince Ribbit
  6274 | D:6      | Found a staircase to the Ecumenical Temple.
  6331 | D:6      | Reached skill level 8 in Conjurations
  6335 | D:6      | Reached XP level 8. HP: 25/41 MP: 4/20
  6463 | D:6      | Learned a level 3 spell: Mephitic Cloud
  6466 | D:6      | Learned a level 2 spell: Blink
  6469 | D:6      | Learned a level 2 spell: Repel Missiles
  6473 | D:6      | Learned a level 3 spell: Conjure Flame
  6593 | Temple   | Entered the Ecumenical Temple
  6604 | Temple   | Became a worshipper of Vehumet
  6620 | D:6      | Found a glowing golden altar of the Shining One.
  6897 | D:6      | Found a burning altar of Makhleb.
  7141 | D:6      | Found a blossoming altar of Fedhas.
  7141 | D:6      | Found a white marble altar of Elyvilon.
  7578 | D:6      | Reached skill level 9 in Conjurations
  7980 | D:6      | Reached skill level 10 in Conjurations
  8060 | D:6      | Found a deep blue altar of Sif Muna.
  8214 | D:6      | Acquired Vehumet's first power
  8214 | D:6      | Offered knowledge of Sandblast by Vehumet.
  8325 | D:6      | Reached XP level 9. HP: 40/45 MP: 12/22
  9157 | D:5      | Reached skill level 11 in Conjurations
  9277 | D:5      | Noticed Edmund
  9322 | D:5      | Killed Edmund
  9461 | D:5      | Killed Prince Ribbit
  9579 | D:5      | Offered knowledge of Sting by Vehumet.
  9584 | D:5      | Learned a level 1 spell: Sting
 10075 | D:5      | Reached skill level 12 in Conjurations
 10204 | D:6      | Upgraded the game from 0.16-a0-3606-g1520cdc to 0.16-a0-3943-gb4b81e6
 11369 | D:8      | Offered knowledge of Stone Arrow by Vehumet.
 11376 | D:8      | Learned a level 3 spell: Stone Arrow
 11419 | D:8      | Reached skill level 1 in Earth Magic
 11419 | D:8      | Reached XP level 10. HP: 38/50 MP: 23/26
 11626 | D:8      | Noticed a kobold demonologist
 11635 | D:8      | Killed a kobold demonologist
 11968 | D:8      | Reached skill level 5 in Earth Magic
 12183 | D:8      | Acquired Vehumet's second power
 12756 | D:9      | Offered knowledge of Inner Flame by Vehumet.
 13056 | D:9      | Noticed Dowan
 13059 | D:9      | Killed Dowan
 13073 | D:9      | Noticed Duvessa
 13092 | D:9      | Killed Duvessa
 13092 | D:9      | Reached skill level 1 in Fighting
 13575 | D:9      | Learned a level 4 spell: Throw Icicle
 13584 | D:9      | Reached skill level 1 in Ice Magic
 13673 | D:9      | Acquired Vehumet's third power
 13802 | D:9      | Found a stormy altar of Qazlal.
 13808 | D:9      | Got a polished hunting sling
 14397 | D:10     | Entered Level 10 of the Dungeon
 14412 | D:10     | Noticed a hill giant
 14476 | D:10     | Offered knowledge of Static Discharge by Vehumet.
 14486 | D:10     | Reached XP level 11. HP: 54/60 MP: 16/27
 14656 | D:10     | Reached skill level 5 in Ice Magic
 14681 | D:10     | Killed a hill giant
 15370 | D:10     | Noticed runewalsh's ghost (experienced OpIE)
 15416 | D:10     | Killed runewalsh's ghost
 16222 | D:10     | Offered knowledge of Bolt of Draining by Vehumet.
 16517 | D:10     | Found a staircase to the Orcish Mines.
 16865 | D:11     | Noticed Tarquin's ghost (powerful OgSk)
 17350 | D:11     | Demolished by Tarquin's ghost

Action                   |  1- 3 |  4- 6 |  7- 9 | 10-12 || total
-------------------------+-------+-------+-------+-------++-------
Melee: Unarmed           |    28 |     7 |     1 |       ||    36
       Staff             |       |       |       |     1 ||     1
 Cast: Magic Dart        |    87 |   244 |   431 |    21 ||   783
       Conjure Flame     |       |       |    15 |     6 ||    21
       Mephitic Cloud    |       |       |    10 |    11 ||    21
       Repel Missiles    |       |       |     1 |     1 ||     2
       Sting             |       |       |   129 |   428 ||   557
       Blink             |       |       |     1 |       ||     1
       Stone Arrow       |       |       |       |   102 ||   102
       Throw Icicle      |       |       |       |     6 ||     6
Evoke: Wand              |       |     1 |       |       ||     1
  Use: Scroll            |       |     6 |     4 |     5 ||    15
       Potion            |       |       |     1 |       ||     1
  Eat: Chunk             |     2 |     9 |    20 |    18 ||    49
